AoeStats
← SeemsFishy

Lombardia

510160968Analyzed
4v4 RM · 23h ago on Sep 29, 2026· 42m 24s· 8 players
Game mode
Random Map
Map size
Large (8 player)
Population
200
Speed
Normal
Resources
Standard
Victory
Conquest
Starting age
Dark Age
Ending age
Imperial Age
RankedLock teamsTeams togetherTeam positionsShared explorationLock speedFull tech treeHidden civsTurbo modeCheats
Victory
Defeat
🇮🇹 Berbers · Italy
1474
+16
🇩🇪 Lithuanians · Germany
1445
+17
🇻🇪 Burgundians · Venezuela
1445
+17
🇬🇧 Maya · United Kingdom
1396
+18
🇨🇳 Celts · China
1673
-26
🇨🇳 Persians · China
1458
-17
🇨🇳 Poles · China
1389
-14
🇨🇳 Malians · China
1323
-11
坐边抗压沙包人
6:32 Loom
7:01 Loom
8:57 Feudal Age
9:58 Double-Bit Axe
9:53 Horse Collar
9:39 Man-at-Arms
19:34 Castle Age
21:32 Wheelbarrow
21:15 Bloodlines
21:14 Scale Barding Armor
21:03 Gold Mining
29:55 Heavy Plow
30:09 Bow Saw
30:26 Husbandry
30:40 Fletching
40:19 Imperial Age
42:01 Farimba
心如止水
8:42 Loom
11:06 Feudal Age
14:40 Castle Age
12:52 Double-Bit Axe
14:31 Horse Collar
16:25 Bow Saw
24:26 Wheelbarrow
25:11 Heavy Plow
29:59 Imperial Age
27:56 Gold Mining
28:29 Hand Cart
27:59 Town Watch
29:12 Ballistics
29:06 Scale Mail Armor
30:47 Chain Mail Armor
31:08 Gold Shaft Mining
32:01 Chemistry
32:08 Conscription
31:21 Heavy Scorpion
34:24 Plate Mail Armor
34:05 Forging
35:00 Siege Engineers
35:04 Pikeman
36:51 Iron Casting
36:36 Halberdier
38:13 Furor Celtica
38:10 Siege Engineers
38:27 Capped Ram
40:36 Blast Furnace
39:17 Siege Ram
椒香三角铁
6:35 Loom
8:55 Feudal Age
9:23 Double-Bit Axe
9:18 Horse Collar
15:40 Scale Barding Armor
20:42 Fletching
21:03 Forging
23:24 Castle Age
21:57 Gold Mining
23:52 Fletching
24:37 Bow Saw
26:03 Bloodlines
26:46 Husbandry
29:17 Forging
30:24 Chain Barding Armor
35:37 Iron Casting
35:59 Gold Shaft Mining
37:06 Town Watch
39:57 Imperial Age
37:55 Town Patrol
38:31 Wheelbarrow
37:56 Stone Mining
39:40 Heavy Camel Rider
三福
10:10 Feudal Age
14:32 Castle Age
13:30 Double-Bit Axe
13:26 Horse Collar
19:47 Loom
23:03 Wheelbarrow
22:41 Gold Mining
23:01 Heavy Plow
25:24 Hand Cart
25:17 Stone Mining
29:25 Imperial Age
26:45 Light Cavalry
27:36 Bloodlines
28:45 Forging
28:40 Scale Barding Armor
31:16 Bloodlines
31:08 Husbandry
31:40 Winged Hussar
32:44 Chain Barding Armor
34:01 Iron Casting
40:20 Blast Furnace
39:48 Bow Saw
41:53 Conscription
41:58 Crossbowman
SeemsFishy
0:37 Loom
9:21 Feudal Age
10:35 Double-Bit Axe
15:26 Fletching
16:17 Wheelbarrow
19:14 Padded Archer Armor
22:39 Castle Age
20:59 Gold Mining
23:08 Crossbowman
24:09 Bodkin Arrow
24:42 Bow Saw
25:26 Padded Archer Armor
26:01 Thumb Ring
27:04 Ballistics
27:09 Leather Archer Armor
30:35 Hand Cart
33:57 Horse Collar
38:33 Imperial Age
39:14 Bracer
39:45 Ring Archer Armor
40:18 Chemistry
38:40 Arbalester
42:52 Conscription
43:08 Hoardings
Lord Gio
9:19 Loom
11:34 Feudal Age
15:40 Castle Age
14:27 Double-Bit Axe
15:40 Bow Saw
15:49 Horse Collar
15:59 Gold Mining
17:05 Wheelbarrow
18:53 Wheelbarrow
18:46 Gold Mining
21:06 Two-Man Saw
22:16 Heavy Plow
23:31 Hand Cart
24:45 Crop Rotation
24:59 Scale Barding Armor
25:04 Forging
24:54 Stone Mining
25:03 Town Watch
29:10 Imperial Age
28:29 Husbandry
28:46 Fletching
30:05 Iron Casting
29:51 Chain Barding Armor
30:09 Bodkin Arrow
32:43 Blast Furnace
33:07 Conscription
33:35 Bracer
34:32 Gold Shaft Mining
34:33 Stone Shaft Mining
35:48 Chemistry
35:09 Ballistics
35:41 Plate Barding Armor
36:03 Elite Coustillier
37:09 Masonry
38:35 Scale Mail Armor
39:48 Architecture
42:34 Chain Mail Armor
42:21 Treadmill Crane
Barca4life
6:29 Loom
9:15 Feudal Age
10:23 Double-Bit Axe
16:00 Wheelbarrow
19:30 Castle Age
18:03 Scale Barding Armor
18:41 Forging
20:38 Bow Saw
21:39 Chain Barding Armor
24:32 Husbandry
27:05 Bloodlines
30:42 Hand Cart
32:55 Iron Casting
32:21 Horse Collar
37:21 Imperial Age
35:38 Heavy Plow
37:51 Gold Mining
37:36 Cavalier
38:55 Plate Barding Armor
41:28 Conscription
40:40 Light Cavalry
42:04 Town Watch
41:46 Paladin
Nogard
7:32 Loom
9:47 Feudal Age
10:18 Double-Bit Axe
13:51 Wheelbarrow
13:37 Fletching
15:20 Horse Collar
23:02 Castle Age
21:06 Gold Mining
22:04 Padded Archer Armor
24:03 Bodkin Arrow
23:49 Crossbowman
31:31 Bow Saw
31:22 Heavy Plow
31:51 Hand Cart
37:09 Imperial Age
35:29 Gold Shaft Mining
34:45 Stone Mining
35:10 Forging
35:05 Scale Barding Armor
36:02 Bloodlines
35:53 Husbandry
36:29 Iron Casting
36:36 Kasbah
37:43 Chain Barding Armor
37:11 Heavy Camel Rider
38:52 Blast Furnace
38:14 Conscription
39:58 Plate Barding Armor
41:36 Maghrebi Camels
Connection lost

Rejoining the realm…

Still unreachable

The connection could not be restored.

Session expired

The server has moved on; the page needs a fresh start.